 Dungeon Crawl Stone Soup version 0.19-a0-611-gb5a7e8d (webtiles) character file.

33001 Hubbles the Cleaver (level 13, -3/157 HPs)
             Began as a Demonspawn Berserker on June 12, 2016.
             Was a High Priest of Trog.
             Killed from afar by an ice dragon (25 damage)
             ... with a blast of cold
             ... on level 5 of the Lair of Beasts.
             The game lasted 00:44:41 (17876 turns).

Hubbles the Cleaver (Demonspawn Berserker)         Turns: 17876, Time: 00:44:43

Health: -3/157     AC: 26    Str: 22    XL:     13   Next: 34%
Magic:  5/5        EV:  2    Int: 10    God:    Trog [*****.]
Gold:   1049       SH:  6    Dex: 17    Spells: 0 memorised, 12 levels left

rFire  . . .     SeeInvis +     a - +5 broad axe (antimagic)
rCold  . . .     Gourm    .     (armour currently unavailable)
rNeg   + + +     Faith    .     E - +0 buckler
rPois  +         Spirit   .     (helmet currently unavailable)
rElec  .         Dismiss  .     (cloak currently unavailable)
rCorr  .         Reflect  .     (gloves currently unavailable)
SustAt .         Harm     .     (boots currently unavailable)
MR     .....     NoTele   +     (no amulet)
Stlth  ++........               I - +3 ring of dexterity
                                D - ring of see invisible

@: tree-form, very slightly contaminated, not resistant to hostile enchantments,
unstealthy
A: (claws 0), (talons 0), clever 1, sense surroundings 1, (poison resistance),
(spiny 0), (sturdy frame 0)
a: Berserk, Trog's Hand, Brothers in Arms, Burn Spellbooks, Renounce Religion


You were on level 5 of the Lair of Beasts.
You worshipped Trog.
Trog was extremely pleased with you.
You were not hungry.
You were a tree.
You visited 2 branches of the dungeon, and saw 16 of its levels.

You collected 1049 gold pieces.

Inventory:

Hand Weapons
 a - a +5 antimagic broad axe (weapon)
 b - a +0 blowgun
 w - a +4 war axe of freezing
Missiles
 i - 54 poisoned needles
 j - 8 curare-tipped needles
 F - 2 throwing nets
 L - 5 javelins of returning (quivered)
Armour
 t - a +2 cloak (melded)
 C - a +2 pair of boots (melded)
 E - a +0 buckler (worn)
 H - a +0 pair of gloves
 P - a +2 chain mail of cold resistance (melded)
Jewellery
 u - an uncursed ring of flight
 D - a ring of see invisible (left branch)
 I - a +3 ring of dexterity (right branch)
Wands
 f - a wand of confusion (10/48)
 k - a wand of disintegration (10/24)
 m - a wand of digging (8/24)
 O - a wand of lightning (5/15)
Scrolls
 h - 3 scrolls of enchant weapon
 q - 3 scrolls of identify
 r - 2 scrolls of fear
 s - 6 scrolls of remove curse
 y - 5 scrolls of blinking
 A - 5 scrolls of teleportation
 B - 3 scrolls of recharging
 G - 2 scrolls of silence
 M - a scroll of enchant armour
Potions
 e - 3 potions of cure mutation
 l - 2 potions of flight
 n - 8 potions of curing
 x - 2 potions of ambrosia
 K - a potion of agility
 N - a potion of invisibility
Miscellaneous
 o - a lamp of fire (inert)
Comestibles
 c - 3 bread rations
 g - 10 meat rations
 p - 3 fruits


   Skills:
 + Level 10.8 Fighting
 * Level 13.9 Axes
 + Level 10.0 Armour
 - Level 1.7 Dodging
 + Level 7.5 Shields
 * Level 3.1 Evocations


You had 12 spell levels left.
You didn't know any spells.

Dungeon Overview and Level Annotations

Branches:
Dungeon (11/15)            Temple (0/1) D:7            Lair (5/6) D:10
  Slime (0/5) Lair:5          Orc (0/2) D:10
  Swamp: Lair:2-4    Shoals: Lair:2-4     Snake: Lair:2-4    Spider: Lair:2-4

Altars:
Cheibriados
Dithmenos
Fedhas
Gozag
Hepliaklqana
Kikubaaqudgha
Pakellas
Qazlal
Trog
Uskayaw
Vehumet
Xom
Zin
The Shining One
Jiyva

Annotations:
Lair:5 1 runed door


Innate Abilities, Weirdness & Mutations

((You have very sharp fingernails.))
((You are completely covered in sharp spines.))
((Your movements are slightly less encumbered by armour. (ER -2)))
((You have sharp toenails.))
Your mind is acute. (Int +2)
You passively map a small area around you.
((Your system is resistant to poisons. (rPois)))


Message History

You drop a wand of lightning {empty}.
You start resting.
An ice dragon is nearby!
Okay, then.
Okay, then.
Okay, then.
Blink to where?
Press: ? - help, Dir - move target cursor
As you read the scroll of blinking, it crumbles to dust.
The ice dragon bites you!
* * * LOW HITPOINT WARNING * * *
The ice dragon claws you but does no damage.
The ice dragon tramples you but does no damage.
You turn into a tree.
Your +2 cloak melds into your body.
Your +2 pair of boots melds into your body.
Your +2 chain mail of cold resistance melds into your body.
You feel less resistant to cold.
Your roots penetrate the ground.
The ice dragon breathes frost at you. The blast of cold hits you!
You die...

##..## #...<.)...
#..# #.........
##.# #.........
#†# #.........
#.## #.........
#..# #.........
#######.#
#.>.......
#§.....D#
####.........
#######♣#
#............
#.####.##.........
#...##.##.........
###....##.........
#######.........
########.........
#.......F........
#.................
#.................


You could see an ice dragon.

Vanquished Creatures
  Snorg (Lair:5)
  Fannar (Lair:2)
  2 hydras
  A death knight (D:11)
  Urug (Lair:3)
  A tengu warrior (D:10)
  A hell knight (D:11)
  4 hill giants (D:11)
  A griffon (Lair:5)
  2 cyclopes (D:11)
  2 black mambas
  Maurice (D:9)
  6 spiny frogs
  A rime drake (Lair:5)
  A komodo dragon (Lair:2)
  A troll (D:10)
  12 blink frogs
  A two-headed ogre (D:11)
  Sigmund (D:3)
  42 yaks
  2 basilisks (D:10)
  8 hippogriffs
  A hungry ghost (D:11)
  Edmund (D:5)
  Menkaure (D:5)
  A soldier ant (D:11)
  7 water moccasins
  16 porcupines
  2 sky beasts
  8 orc warriors
  2 ice beasts
  A wasp (D:10)
  2 ogres
  A phantom (D:6)
  9 wolves
  5 black bears
  A boggart (D:11)
  4 centaurs
  6 crocodiles
  2 big kobolds
  17 giant frogs
  2 gnoll sergeants
  A wyvern zombie (D:10)
  A wyvern skeleton (D:6)
  19 killer bees
  5 wights (D:10)
  4 howler monkeys
  3 centaur zombies
  3 giant frog zombies
  3 crimson imps
  A quasit (D:11)
  7 jellies
  8 hounds
  11 orc priests
  3 giant frog skeletons
  5 iguanas
  9 orc wizards
  6 worker ants
  13 sheep
  2 worker ant zombies
  9 adders
  12 gnolls
  16 river rats
  3 shadow imps
  6 oozes
  An adder zombie (D:7)
  3 adder skeletons (D:6)
  A worm (D:4)
  2 dart slugs (D:1)
  11 giant geckos
  43 orcs
  7 bats
  4 giant cockroaches
  4 goblins
  9 hobgoblins
  23 jackals
  14 kobolds
  5 quokkas
  2 giant cockroach zombies
  5 giant newts
  6 rats
  5 fungi
477 creatures vanquished.

Vanquished Creatures (others)
  2 bushes (D:10)
  2 fungi
  3 plants
7 creatures vanquished.

Grand Total: 484 creatures vanquished

Notes
Turn   | Place    | Note
--------------------------------------------------------------
     0 | D:1      | Hubbles the Demonspawn Berserker began the quest for the Orb.
     0 | D:1      | Reached XP level 1. HP: 18/18 MP: 1/1
    35 | D:1      | Reached skill level 3 in Axes
    47 | D:1      | Gained mutation: You have sharp fingernails. [demonic ancestry]
    47 | D:1      | Reached XP level 2. HP: 20/24 MP: 2/2
   664 | D:1      | Gained mutation: You have very sharp fingernails. [demonic ancestry]
   664 | D:1      | Reached XP level 3. HP: 26/29 MP: 3/3
   770 | D:1      | Reached ** piety under Trog
  1047 | D:1      | Reached skill level 4 in Axes
  1289 | D:1      | Found a glowing golden altar of the Shining One.
  2057 | D:2      | Gained mutation: You are partially covered in sharp spines. [demonic ancestry]
  2057 | D:2      | Reached XP level 4. HP: 16/35 MP: 4/4
  2825 | D:3      | Gained mutation: You passively map a small area around you. [potion of mutation]
  2825 | D:3      | Gained mutation: You passively map the area around you. [potion of mutation]
  2825 | D:3      | Lost mutation: You passively map the area around you. [potion of mutation]
  2979 | D:3      | Noticed Sigmund
  2994 | D:3      | Killed Sigmund
  2994 | D:3      | Reached skill level 5 in Axes
  2994 | D:3      | Reached XP level 5. HP: 29/41 MP: 5/5
  3085 | D:3      | Reached XP level 6. HP: 35/47 MP: 6/6
  3691 | D:4      | Reached *** piety under Trog
  4175 | D:5      | Entered Level 5 of the Dungeon
  4212 | D:5      | Noticed Edmund
  4225 | D:5      | Reached skill level 6 in Axes
  4226 | D:5      | Killed Edmund
  4226 | D:5      | Reached XP level 7. HP: 33/54 MP: 7/7
  4383 | D:5      | Found a glowing silver altar of Zin.
  4386 | D:5      | Found an opulent altar of Gozag.
  4753 | D:5      | Found a shimmering altar of Xom.
  4849 | D:5      | Noticed Menkaure
  4860 | D:5      | Killed Menkaure
  5191 | D:5      | Reached skill level 7 in Axes
  5673 | D:6      | Gained mutation: You are mostly covered in sharp spines. [demonic ancestry]
  5673 | D:6      | Reached XP level 8. HP: 46/61 MP: 8/8
  5804 | D:6      | Reached skill level 5 in Fighting
  5816 | D:6      | Found a bloodstained altar of Trog.
  5855 | D:6      | Found an oddly glowing altar of Pakellas.
  5860 | D:6      | Found a radiant altar of Vehumet.
  5861 | D:6      | Found a hide-covered altar of Uskayaw.
  5861 | D:6      | Found a stormy altar of Qazlal.
  5861 | D:6      | Found a snail-covered altar of Cheibriados.
  5863 | D:6      | Found a blossoming altar of Fedhas.
  5865 | D:6      | Found a hazy altar of Hepliaklqana.
  5866 | D:6      | Found an ancient bone altar of Kikubaaqudgha.
  6411 | D:6      | Reached **** piety under Trog
  6455 | D:6      | Reached skill level 8 in Axes
  7135 | D:6      | Reached skill level 5 in Armour
  7388 | D:7      | Reached XP level 9. HP: 61/69 MP: 9/9
  7677 | D:7      | Reached skill level 9 in Axes
  8102 | D:7      | Found a staircase to the Ecumenical Temple.
  8337 | D:7      | Got a smoking whip
  8338 | D:7      | Identified the +6 whip of the Candle {slash, rPois rF+} (You found it on level 7 of the Dungeon)
  8630 | D:7      | Reached ***** piety under Trog
  8981 | D:8      | Found a radiant altar of Vehumet.
  9504 | D:8      | Reached skill level 10 in Axes
  9753 | D:9      | Gained mutation: You are completely covered in sharp spines. [demonic ancestry]
  9753 | D:9      | Reached XP level 10. HP: 74/79 MP: 10/10
  9800 | D:9      | Gained mutation: Your mind is acute. (Int +2) [mutagenic meat]
  9802 | D:9      | Gained mutation: Your system is resistant to poisons. (rPois) [mutagenic meat]
  9805 | D:9      | Gained mutation: You have sharp toenails. [mutagenic meat]
  9980 | D:9      | Noticed Maurice
  9993 | D:9      | Killed Maurice
  9993 | D:9      | Received a gift from Trog
 10529 | D:9      | Found a shadowy altar of Dithmenos.
 10583 | D:10     | Entered Level 10 of the Dungeon
 10637 | D:10     | Found a staircase to the Lair.
 10662 | D:10     | Reached skill level 11 in Axes
 11427 | D:10     | Gained mutation: Your movements are slightly less encumbered by armour. (ER -2) [demonic ancestry]
 11427 | D:10     | Reached XP level 11. HP: 82/87 MP: 11/11
 11437 | D:10     | Found a staircase to the Orcish Mines.
 11493 | D:10     | Reached skill level 1 in Shields
 11495 | D:10     | Noticed a tengu warrior
 11501 | D:10     | Killed a tengu warrior
 11905 | D:11     | Noticed a hill giant
 11917 | D:11     | Killed a hill giant
 12228 | D:11     | Reached skill level 12 in Axes
 12404 | D:11     | Noticed a hill giant
 12478 | D:11     | Received a gift from Trog
 12559 | D:11     | Noticed a seven-headed hydra
 12568 | D:11     | Killed a hill giant
 12580 | D:11     | Killed a 14-headed hydra
 13033 | D:11     | Noticed a hill giant
 13041 | D:11     | Killed a hill giant
 13217 | D:11     | Reached skill level 5 in Shields
 13411 | D:11     | Found a runed door.
 13415 | D:11     | Noticed a hill giant
 13420 | D:11     | Killed a hill giant
 13481 | D:11     | Noticed a death knight
 13499 | D:11     | Killed a death knight
 13499 | D:11     | Reached XP level 12. HP: 68/96 MP: 4/12
 14145 | Lair:1   | Entered Level 1 of the Lair of Beasts
 14926 | Lair:1   | Reached skill level 13 in Axes
 15089 | Lair:2   | Received a gift from Trog
 15116 | Lair:2   | Noticed Fannar
 15131 | Lair:2   | Killed Fannar
 15131 | Lair:2   | Reached skill level 10 in Fighting
 15655 | Lair:2   | Noticed a four-headed hydra
 15669 | Lair:2   | Killed a ten-headed hydra
 16177 | Lair:3   | Noticed Urug
 16228 | Lair:3   | Killed Urug
 16682 | Lair:3   | Upgraded the game from 0.19-a0-599-g723c685 to 0.19-a0-611-gb5a7e8d
 16900 | Lair:3   | Reached XP level 13. HP: 102/104 MP: 4/13
 17385 | Lair:5   | Reached skill level 1 in Evocations
 17401 | Lair:5   | Noticed Snorg
 17413 | Lair:5   | Killed Snorg
 17484 | Lair:5   | Received a gift from Trog
 17777 | Lair:5   | Found a runed door.
 17777 | Lair:5   | Found a viscous altar of Jiyva.
 17800 | Lair:5   | Reached skill level 10 in Armour
 17876 | Lair:5   | Killed from afar by an ice dragon

Vault maps used:
D:1:      dpeg_arrival_castle, tso_altar
D:2:      kennysheep_pointless_box
D:3:      first_bread, dk_vineyard_2, uniq_sigmund
D:5:      grunt_temple_overflow_gold_and_silver, kennysheep_mini_moat,
          uniq_edmund, uniq_menkaure
D:6:      bloody_trog, minitemple, minmay_misc_feat_roman
D:7:      temple_fountains
D:8:      basic_altar
D:9:      grunt_dithmenos_shadows, hangedman_little_slice_of_home, uniq_maurice
D:10:     minmay_lair_entry_grove, orc_0_dummy
D:11:     lightli_airlock
Lair:1:   grunt_megastairs_3, infiniplex_staircase_pool_2
Lair:2:   uniq_fannar
Lair:3:   grunt_megastairs_2, uniq_urug
Lair:4:   minmay_shoals_entry_beasts, spider_nest_entry_rubble,
          nicolae_quartered_pool_medium, grunt_megastairs_1,
          lemuel_fruit_fields, lemuel_fruit_tree
Lair:5:   dragon1_lemuel, slime_altar_2, lab_entry_generic, uniq_snorg

Skill      XL: |  1  2  3  4  5  6  7  8  9 10 11 12 13 |
---------------+----------------------------------------+-----
Axes           | 3 4 5 6 7 8 10 11 12 13 | 13.9
Armour         | 2 3 4 5 6 7 8 9 10 | 10.0
Fighting       | 4 5 7 8 9 10 | 10.8
Shields        | 5 7 |  7.5
Evocations     | 3 |  3.1
Dodging        | |  1.7

Action                   |  1- 3 |  4- 6 |  7- 9 | 10-12 | 13-15 || total
-------------------------+-------+-------+-------+-------+-------++-------
Melee: Hand axe          |   147 |    84 |    29 |       |       ||   260
       War axe           |       |       |   257 |   229 |       ||   486
       Battleaxe         |       |       |       |    13 |       ||    13
       Broad axe         |       |       |       |   313 |    65 ||   378
 Fire: Blowgun           |       |       |     2 |     4 |       ||     6
Throw: Throwing net      |       |     1 |     2 |     3 |       ||     6
       Tomahawk          |       |       |     2 |       |       ||     2
       Javelin           |       |       |       |    10 |       ||    10
Invok: Berserk           |     3 |     2 |     8 |    11 |     1 ||    25
       Trog's Hand       |     1 |     1 |       |     4 |     2 ||     8
       Burn Spellbooks   |       |     2 |       |     3 |       ||     5
Evoke: Wand              |       |     3 |       |     7 |     5 ||    15
       Lamp of fire      |       |       |       |     1 |     1 ||     2
  Use: Scroll            |     5 |    11 |     6 |    14 |     5 ||    41
       Potion            |       |     2 |       |     5 |     3 ||    10
 Stab: Confused          |       |     3 |       |       |       ||     3
       Distracted        |       |       |     1 |       |       ||     1
  Eat: Chunk             |     6 |     9 |    10 |    17 |     3 ||    45
       Fruit             |       |       |    16 |    10 |       ||    26
       Beef jerky        |       |       |     2 |       |       ||     2
       Pizza             |       |       |     1 |       |       ||     1
       Royal jelly       |       |       |       |    10 |       ||    10
       Meat ration       |       |       |       |       |     1 ||     1
Armor: Animal skin       |    36 |     2 |       |       |       ||    38
       Robe              |       |     3 |       |       |       ||     3
       Scale mail        |       |    10 |    96 |   117 |       ||   223
       Chain mail        |       |       |       |    88 |    46 ||   134
       Plate armour      |       |       |       |    42 |       ||    42
Dodge: Dodged            |   108 |    39 |   129 |   257 |    31 ||   564
Block: Buckler           |       |       |       |   118 |    32 ||   150
